% Time on Ice - SAN FRANCISCO SPIDERS
Lines # - Real PCT - Wanted PCT - Time Play
Normal Forward
1 - 26% - 30% - 11:46
2 - 26% - 30% - 11:58
3 - 24% - 20% - 10:49
4 - 24% - 20% - 10:50
Normal Defense
1 - 37% - 34% - 16:42
2 - 29% - 33% - 13:01
3 - 28% - 32% - 12:29
4 - 7% - 1% - 3:11
PP Forward
1 - 56% - 55% - 2:50
2 - 44% - 45% - 2:16
PP Defense
1 - 56% - 55% - 2:50
2 - 44% - 45% - 2:16
PK Forward
1 - 71% - 55% - 4:15
2 - 29% - 45% - 1:42
PK Defense
1 - 43% - 55% - 2:32
2 - 57% - 45% - 3:25
PK3 Forward
1 - 100% - 55% - 0:24
2 - 0% - 45% - 0:00
PK3 Defense
1 - 58% - 55% - 0:14
2 - 42% - 45% - 0:10
44 Forward
1 - 94% - 55% - 3:22
2 - 6% - 45% - 0:12
44 Defense
1 - 81% - 55% - 2:53
2 - 19% - 45% - 0:41
Last Minute Offensive  - 0:00
Last Minute Defensive  - 0:00
Total
Forward - 60:24
Defense - 60:24
% Time on Ice - OAKLAND GORILLAS
Lines # - Real PCT - Wanted PCT - Time Play
Normal Forward
1 - 31% - 32% - 13:57
2 - 31% - 31% - 14:01
3 - 26% - 27% - 11:58
4 - 12% - 10% - 5:27
Normal Defense
1 - 37% - 34% - 16:59
2 - 29% - 33% - 13:23
3 - 33% - 33% - 15:01
4 - 0% - 0% - 0:00
PP Forward
1 - 48% - 55% - 2:50
2 - 52% - 45% - 3:07
PP Defense
1 - 57% - 55% - 3:22
2 - 43% - 45% - 2:35
PK Forward
1 - 63% - 55% - 3:13
2 - 37% - 45% - 1:53
PK Defense
1 - 39% - 55% - 2:00
2 - 61% - 45% - 3:06
PK3 Forward
1 - 0% - 55%
2 - 0% - 45%
PK3 Defense
1 - 0% - 55%
2 - 0% - 45%
44 Forward
1 - 72% - 55% - 2:51
2 - 28% - 45% - 1:07
44 Defense
1 - 39% - 55% - 1:34
2 - 61% - 45% - 2:24
Last Minute Offensive  - 0:00
Last Minute Defensive  - 0:00
Total
Forward - 60:24
Defense - 60:24
Play-by-Play 1st period 0:01 of 1st period - Nico Hischier wins face-off versus Danton Heinen in neutral zone. 0:01 of 1st period - Nico Hischier is hit by Milan Lucic. 0:19 of 1st period - Minor Penalty to Michael Stone for Hooking. 0:20 of 1st period - Alexander Wennberg wins face-off versus Danton Heinen in SAN FRANCISCO SPIDERS zone. 0:31 of 1st period - Darnell Nurse is hit by Jonathan Drouin and loses puck. 0:58 of 1st period - Shot by Kevin Shattenkirk. 0:58 of 1st period - Stopped by Igor Shesterkin without a rebound. 0:59 of 1st period - Milan Lucic wins face-off versus Nico Hischier in SAN FRANCISCO SPIDERS zone. 1:42 of 1st period - Shot by Nico Hischier. 1:42 of 1st period - Stopped by Igor Shesterkin without a rebound. 1:43 of 1st period - Alexander Wennberg wins face-off versus Danton Heinen in SAN FRANCISCO SPIDERS zone. 2:16 of 1st period - Shot by Mikhail Sergachev. 2:16 of 1st period - Stopped by Igor Shesterkin with a rebound. 2:32 of 1st period - Shot by Lucas Wallmark. 2:32 of 1st period - Deflect By Joel Farabee. 2:32 of 1st period - Shot Misses the Net. 3:15 of 1st period - Icing by Michael Stone. 3:16 of 1st period - Calle Jarnkrok wins face-off versus Alexander Wennberg in SAN FRANCISCO SPIDERS zone. 3:32 of 1st period - Nico Sturm is hit by Kevin Shattenkirk and loses puck. 3:44 of 1st period - Eric Robinson is hit by Mikhail Sergachev. 4:01 of 1st period - Kirby Dach is hit by Kevin Shattenkirk and loses puck. 4:39 of 1st period - Icing by Jakob Chychrun. 4:40 of 1st period - Erik Haula wins face-off versus Nico Hischier in OAKLAND GORILLAS zone. 5:05 of 1st period - Shot by Alexander Kerfoot. 5:05 of 1st period - Shot Misses the Net. 5:11 of 1st period - Shot by Tyler Myers. 5:11 of 1st period - Deflect By Erik Haula. 5:11 of 1st period - Stopped by Matthew Murray without a rebound. 5:12 of 1st period - Danton Heinen wins face-off versus Devin Shore in OAKLAND GORILLAS zone. 6:28 of 1st period - Kevin Shattenkirk is hit by Milan Lucic and loses puck. 6:57 of 1st period - Shot by Eric Robinson. 6:57 of 1st period - Stopped by Matthew Murray with a rebound. 7:37 of 1st period - Shot by Tomas Tatar. 7:37 of 1st period - Stopped by Igor Shesterkin without a rebound. 7:38 of 1st period - Lucas Wallmark wins face-off versus Calle Jarnkrok in SAN FRANCISCO SPIDERS zone. 7:41 of 1st period - Shot by Joel Farabee. 7:41 of 1st period - Goal by Joel Farabee - SAN FRANCISCO SPIDERS : 0 - OAKLAND GORILLAS : 1. 7:42 of 1st period - Erik Haula wins face-off versus Lucas Wallmark in neutral zone. 7:44 of 1st period - Alexander Kerfoot is hit by Nick Leddy and loses puck. 8:06 of 1st period - Shot by Lucas Wallmark. 8:06 of 1st period - Stopped by Igor Shesterkin without a rebound. 8:07 of 1st period - Calle Jarnkrok wins face-off versus Nico Hischier in SAN FRANCISCO SPIDERS zone. 8:19 of 1st period - Calle Jarnkrok is hit by Kurtis MacDermid and loses puck. 8:30 of 1st period - Shot by Dominik Kahun. 8:30 of 1st period - Shot Misses the Net. 9:30 of 1st period - Eric Robinson is hit by Kurtis MacDermid. 9:59 of 1st period - Darnell Nurse is hit by Liam Foudy and loses puck. 10:11 of 1st period - Minor Penalty to Nick Leddy for Roughing. 10:12 of 1st period - Lucas Wallmark wins face-off versus Danton Heinen in OAKLAND GORILLAS zone. 10:12 of 1st period - Mikhail Sergachev is hit by Milan Lucic and loses puck. 10:23 of 1st period - Shot by Milan Lucic. 10:23 of 1st period - Shot Misses the Net. 10:43 of 1st period - Shot by Andrei Svechnikov. 10:43 of 1st period - Stopped by Matthew Murray without a rebound. 10:44 of 1st period - Erik Haula wins face-off versus Joel Farabee in OAKLAND GORILLAS zone. 10:45 of 1st period - Shot by Darnell Nurse. 10:45 of 1st period - Stopped by Matthew Murray without a rebound. 10:46 of 1st period - Erik Haula wins face-off versus Nico Hischier in OAKLAND GORILLAS zone. 10:55 of 1st period - Shot by Darnell Nurse. 10:55 of 1st period - Goal by Darnell Nurse - SAN FRANCISCO SPIDERS : 1 - OAKLAND GORILLAS : 1. 10:56 of 1st period - Calle Jarnkrok wins face-off versus Alexander Wennberg in neutral zone. 11:01 of 1st period - Shot by Dominik Kahun. 11:01 of 1st period - Stopped by Matthew Murray without a rebound. 11:02 of 1st period - Danton Heinen wins face-off versus Alexander Wennberg in OAKLAND GORILLAS zone. 12:07 of 1st period - Jordan Oesterle is hit by Lucas Wallmark and loses puck. 12:24 of 1st period - Shot by Nico Sturm. 12:24 of 1st period - Shot Blocked by Kevin Shattenkirk. 12:26 of 1st period - Shot by Kirby Dach. 12:26 of 1st period - Stopped by Matthew Murray with a rebound. 12:28 of 1st period - Shot by Eric Robinson. 12:28 of 1st period - Shot Misses the Net. 12:54 of 1st period - Shot by Alexander Kerfoot. 12:54 of 1st period - Shot Misses the Net. 13:08 of 1st period - Shot by Darnell Nurse. 13:08 of 1st period - Stopped by Matthew Murray without a rebound. 13:09 of 1st period - Calle Jarnkrok wins face-off versus Nico Hischier in OAKLAND GORILLAS zone. 15:12 of 1st period - Shot by Michael Dal Colle. 15:12 of 1st period - Stopped by Igor Shesterkin with a rebound. 15:46 of 1st period - Shot by Lucas Wallmark. 15:46 of 1st period - Deflect By Joel Farabee. 15:46 of 1st period - Stopped by Igor Shesterkin without a rebound. 15:47 of 1st period - Nico Hischier wins face-off versus Kirby Dach in SAN FRANCISCO SPIDERS zone. 15:58 of 1st period - Shot by Tyler Toffoli. 15:58 of 1st period - Stopped by Igor Shesterkin with a rebound. 16:18 of 1st period - Shot by Nico Hischier. 16:18 of 1st period - Stopped by Igor Shesterkin without a rebound. 16:19 of 1st period - Lucas Wallmark wins face-off versus Danton Heinen in SAN FRANCISCO SPIDERS zone. 16:20 of 1st period - Shot by Liam Foudy. 16:20 of 1st period - Shot Misses the Net. 16:30 of 1st period - Shot by Joel Farabee. 16:30 of 1st period - Stopped by Igor Shesterkin without a rebound. 16:31 of 1st period - Calle Jarnkrok wins face-off versus Alexander Wennberg in SAN FRANCISCO SPIDERS zone. 16:38 of 1st period - Colin White is hit by Tyler Myers and loses puck. 17:13 of 1st period - Kevin Shattenkirk is hit by Dominik Simon and loses puck. 17:17 of 1st period - Icing by Colin White. 17:18 of 1st period - Alexander Wennberg wins face-off versus Danton Heinen in OAKLAND GORILLAS zone. 17:18 of 1st period - Alexander Wennberg is hit by Milan Lucic. 17:27 of 1st period - Jonathan Drouin is hit by Milan Lucic and loses puck. 17:48 of 1st period - Shot by Milan Lucic. 17:48 of 1st period - Stopped by Matthew Murray without a rebound. 17:49 of 1st period - Kirby Dach wins face-off versus Tomas Tatar in OAKLAND GORILLAS zone. 18:14 of 1st period - Nico Hischier is hit by Darnell Nurse and loses puck. 18:51 of 1st period - Off-side. 18:52 of 1st period - Lucas Wallmark wins face-off versus Danton Heinen in neutral zone. 19:06 of 1st period - Icing by Danton Heinen. 19:07 of 1st period - Alexander Wennberg wins face-off versus Milan Lucic in SAN FRANCISCO SPIDERS zone. 19:14 of 1st period - Shot by Alexander Wennberg. 19:14 of 1st period - Stopped by Igor Shesterkin without a rebound. 19:15 of 1st period - Lucas Wallmark wins face-off versus Calle Jarnkrok in SAN FRANCISCO SPIDERS zone. Goals for this period are 1 for SAN FRANCISCO SPIDERS vs 1 for OAKLAND GORILLAS. Shots for this period are 9 for SAN FRANCISCO SPIDERS vs 12 for OAKLAND GORILLAS. 2nd period 0:01 of 2nd period - Alexander Wennberg wins face-off versus Danton Heinen in neutral zone. 1:15 of 2nd period - Alexander Wennberg is hit by Nico Sturm and loses puck. 2:04 of 2nd period - Shot by Erik Haula. 2:04 of 2nd period - Shot Hit the Post. 2:06 of 2nd period - Shot by Erik Haula. 2:06 of 2nd period - Stopped by Matthew Murray without a rebound. 2:07 of 2nd period - Lucas Wallmark wins face-off versus Calle Jarnkrok in OAKLAND GORILLAS zone. 2:42 of 2nd period - Icing by Tyler Myers. 2:43 of 2nd period - Devin Shore wins face-off versus Calle Jarnkrok in SAN FRANCISCO SPIDERS zone. 3:06 of 2nd period - Shot by Andrei Svechnikov. 3:06 of 2nd period - Stopped by Matthew Murray with a rebound. 3:23 of 2nd period - Off-side. 3:24 of 2nd period - Kirby Dach wins face-off versus Tomas Tatar in neutral zone. 4:10 of 2nd period - Icing by Michael Stone. 4:11 of 2nd period - Kirby Dach wins face-off versus Lucas Wallmark in SAN FRANCISCO SPIDERS zone. 4:11 of 2nd period - Eric Robinson is hit by Liam Foudy and loses puck. 4:17 of 2nd period - Minor Penalty to Liam Foudy for Hooking. 4:18 of 2nd period - Nico Hischier wins face-off versus Danton Heinen in OAKLAND GORILLAS zone. 4:24 of 2nd period - Icing by Danton Heinen. 4:25 of 2nd period - Nico Hischier wins face-off versus Danton Heinen in SAN FRANCISCO SPIDERS zone. 4:33 of 2nd period - Minor Penalty to Sean Walker for Holding. 4:34 of 2nd period - Milan Lucic wins face-off versus Nico Hischier in SAN FRANCISCO SPIDERS zone. 4:55 of 2nd period - Shot by Nico Hischier. 4:55 of 2nd period - Deflect By Tomas Tatar. 4:55 of 2nd period - Shot Misses the Net. 5:09 of 2nd period - Shot by Nico Hischier. 5:09 of 2nd period - Goal by Nico Hischier - SAN FRANCISCO SPIDERS : 1 - OAKLAND GORILLAS : 2. 5:10 of 2nd period - Alexander Wennberg wins face-off versus Erik Haula in neutral zone. 5:21 of 2nd period - Shot by Alexander Wennberg. 5:21 of 2nd period - Stopped by Igor Shesterkin without a rebound. 5:22 of 2nd period - Alexander Wennberg wins face-off versus Milan Lucic in SAN FRANCISCO SPIDERS zone. 5:25 of 2nd period - Shot by Tyler Toffoli. 5:25 of 2nd period - Shot Blocked by Milan Lucic. 5:27 of 2nd period - Shot by Mikhail Sergachev. 5:27 of 2nd period - Shot Misses the Net. 5:55 of 2nd period - Shot by Alexander Wennberg. 5:55 of 2nd period - Stopped by Igor Shesterkin with a rebound. 5:57 of 2nd period - Shot by Mikhail Sergachev. 5:57 of 2nd period - Shot Misses the Net. 5:59 of 2nd period - Shot by Alexander Wennberg. 5:59 of 2nd period - Shot Misses the Net. 6:01 of 2nd period - Shot by Jakob Chychrun. 6:01 of 2nd period - Stopped by Igor Shesterkin with a rebound. 6:17 of 2nd period - Tomas Tatar is hit by Alexander Kerfoot and loses puck. 6:22 of 2nd period - Shot by Danton Heinen. 6:22 of 2nd period - Shot Misses the Net. 6:45 of 2nd period - Shot by Eric Robinson. 6:45 of 2nd period - Shot Blocked by Nikita Zadorov. 6:49 of 2nd period - Shot by Kirby Dach. 6:49 of 2nd period - Goal by Kirby Dach - SAN FRANCISCO SPIDERS : 2 - OAKLAND GORILLAS : 2. 6:50 of 2nd period - Erik Haula wins face-off versus Lucas Wallmark in neutral zone. 7:24 of 2nd period - Icing by Nikita Zadorov. 7:25 of 2nd period - Lucas Wallmark wins face-off versus Kirby Dach in OAKLAND GORILLAS zone. 7:38 of 2nd period - Kirby Dach is hit by Nikita Zadorov and loses puck. 7:43 of 2nd period - Shot by Kirby Dach. 7:43 of 2nd period - Deflect By Eric Robinson. 7:43 of 2nd period - Shot Misses the Net. 7:45 of 2nd period - Shot by Kirby Dach. 7:45 of 2nd period - Goal by Kirby Dach - SAN FRANCISCO SPIDERS : 3 - OAKLAND GORILLAS : 2. 7:46 of 2nd period - Calle Jarnkrok wins face-off versus Alexander Wennberg in neutral zone. 7:56 of 2nd period - Colin White is hit by Darnell Nurse and loses puck. 8:12 of 2nd period - Icing by Calle Jarnkrok. 8:13 of 2nd period - Tomas Tatar wins face-off versus Calle Jarnkrok in SAN FRANCISCO SPIDERS zone. 9:43 of 2nd period - Minor Penalty to Tyler Myers for Hooking. 9:44 of 2nd period - Nico Hischier wins face-off versus Danton Heinen in SAN FRANCISCO SPIDERS zone. 9:54 of 2nd period